 Dungeon Crawl Stone Soup version 0.18-a0-1702-gd20c6a5 (webtiles) character file.

269146 Ratboiler the Devastator (level 19, -18/112 HPs)
             Began as a Deep Elf Wanderer on Apr 5, 2016.
             Was the Champion of Vehumet.
             Killed from afar by a deep elf annihilator (63 damage)
             ... with a crystal spear
             ... led by an ironheart preserver
             ... on level 3 of the Vaults on Apr 6, 2016.
             The game lasted 04:02:42 (60654 turns).

Ratboiler the Devastator (Deep Elf Wanderer)       Turns: 60654, Time: 04:02:42

Health: -18/112    AC: 21    Str: 12    XL:     19   Next: 39%
Magic:  29/68      EV: 17    Int: 28    God:    Vehumet [******]
Gold:   246        SH: 10    Dex: 12    Spells: 12 memorised, 11 levels left

rFire  + + .     SeeInvis .     b - staff of power
rCold  . . .     Gourm    .     Z - +0 swamp dragon armour
rNeg   + . .     Faith    .     q - +2 buckler
rPois  +         Spirit   .     P - +2 helmet
rElec  .         Dismiss  .     r - +2 cloak
rCorr  .         Reflect  +     W - +0 pair of gloves {rF+}
SustAt .         Harm     .     O - +1 pair of boots
MR     +....                    M - +3 amulet of reflection
Stlth  ++++......               G - ring of magical power (curse)
                                p - ring of the Philosopher {rPois rF+ rN+ Int+3}

@: somewhat resistant to hostile enchantments, stealthy
A: icy blue scales 1, poison resistance, subdued magic 1
a: Renounce Religion
}: 2/15 runes: decaying, gossamer


You were on level 3 of the Vaults.
You worshipped Vehumet.
Vehumet was exalted by your worship.
You were not hungry.

You visited 6 branches of the dungeon, and saw 37 of its levels.
You also visited: Sewer and Volcano.

You collected 3058 gold pieces.
You spent 2812 gold pieces at shops.

Inventory:

Hand Weapons
 a - a +0 dagger of electrocution
Missiles
 S - 6 poisoned javelins (quivered)
Armour
 j - the +2 cloak of the Harp {+Blink rF+ rC-}
   (You acquired it on level 2 of the Vaults)

   It protects you from fire.
   It makes you vulnerable to cold.
   It lets you blink.
 q - a +2 buckler (worn)
 r - a +2 cloak (worn)
 u - a fire dragon hide
 O - a +1 pair of boots (worn)
 P - a +2 helmet (worn)
 W - a +0 pair of gloves of fire resistance (worn)
 Z - a +0 swamp dragon armour (worn)
Magical Staves
 b - an uncursed staff of power (weapon)
Jewellery
 k - an uncursed ring of protection from fire
 p - the ring of the Philosopher (left hand) {rPois rF+ rN+ Int+3}
   (You found it on level 4 of the Dungeon)

   [ring of poison resistance]

   It affects your intelligence (+3).
   It protects you from fire.
   It protects you from poison.
   It protects you from negative energy.
 B - an uncursed ring of resist corrosion
 E - an uncursed ring of ice
 G - a cursed ring of magical power (right hand)
 M - a +3 amulet of reflection (around neck)
 V - an uncursed ring of protection from magic
Wands
 f - a wand of teleportation (5/9)
 A - a wand of teleportation (2/9)
 F - a wand of digging (6/24)
Scrolls
 c - a scroll of recharging
 e - 2 scrolls of fear
 s - 14 scrolls of remove curse
 C - 2 scrolls of amnesia
 I - 3 scrolls of identify
 J - 2 scrolls of holy word
 N - a scroll of enchant weapon
 R - a scroll of enchant armour
Potions
 d - 7 potions of lignification
 g - 4 potions of ambrosia
 h - 8 potions of berserk rage
 i - 4 potions of brilliance
 l - 5 potions of heal wounds
 m - 3 potions of magic
 n - 5 potions of haste
 v - 3 potions of cure mutation
 x - 2 potions of cancellation
 z - 8 potions of might
 H - 5 potions of curing
 L - 9 potions of flight
 T - 3 potions of invisibility
 X - 4 potions of agility
Books
 y - a book of the Earth

   Spells                             Type                      Level
   a - Leda's Liquefaction            Hexes/Earth                  4
   b - Bolt of Magma                  Conjuration/Fire/Earth       5
   c - Statue Form                    Transmutation/Earth          6
   d - Iron Shot                      Conjuration/Earth            6
   e - Shatter                        Earth                        9
 D - a Grand Grimoire

   Spells                             Type                      Level
   a - Monstrous Menagerie            Summoning                    7
   b - Summon Greater Demon           Summoning                    7
   c - Malign Gateway                 Summoning/Translocation      7
   d - Summon Horrible Things         Summoning                    8
Comestibles
 o - a chunk of flesh
 U - 11 royal jellies


   Skills:
 - Level 10.0 Fighting
 - Level 8.1 Armour
 - Level 13.6 Dodging
 - Level 10.1 Stealth
 - Level 4.0 Shields
 - Level 19.1 Spellcasting
 * Level 19.9 Conjurations
 - Level 4.1 Summonings
 - Level 9.1 Fire Magic
 - Level 10.0 Ice Magic
 - Level 7.2 Air Magic
 - Level 10.0 Earth Magic


You had 11 spell levels left.
You knew the following spells:

 Your Spells              Type           Power        Failure   Level  Hunger
a - Flame Tongue          Conj/Fire      #####        0%          1    None
b - Iron Shot             Conj/Erth      ######....   1%          6    #......
d - Apportation           Tloc           ###.......   2%          1    None
e - Summon Butterflies    Summ           #####...     1%          1    None
f - Tukima's Dance        Hex            ###.....     10%         3    None
g - Freezing Cloud        Conj/Ice/Air   ######....   1%          6    #......
h - Ignite Poison         Fire/Trmt/Pois ####....     1%          3    None
i - Summon Ice Beast      Ice/Summ       ######..     1%          4    None
j - Bolt of Magma         Conj/Fire/Erth ######....   1%          5    None
k - Iskenderun's Battles  Conj/Chrm      ######..     1%          5    None
l - Orb of Destruction    Conj           #######...   1%          7    ####...
m - Mephitic Cloud        Conj/Pois/Air  ######..     1%          3    None


Dungeon Overview and Level Annotations

Branches:
Dungeon (15/15)            Temple (0/1) D:4            Lair (8/8) D:10
  Swamp (4/4) Lair:6       Spider (4/4) Lair:5        Slime (0/6) Lair:7
    Orc (2/2) D:11            Elf (0/3) Orc:2        Vaults (4/5) D:13
  Crypt (0/3) Vaults:2
 Depths: D:15

Altars:
Cheibriados
Dithmenos
Elyvilon
Fedhas
Makhleb
Pakellas
Qazlal
Ru
Sif Muna
Trog
Vehumet
Xom
Zin
The Shining One
Beogh
Jiyva

Shops:
D:4 [   Orc:1 (   Orc:2 }((}   Vaults:1 *}(!   Vaults:2 *   Vaults:4 *

Annotations:
D:5 exclusion: sky beast
Lair:3 1 runed door
Swamp:1 Nikola
Spider:2 exclusion: downstairs


Innate Abilities, Weirdness & Mutations

You are partially covered in icy blue scales (AC +1).
Your system is resistant to poisons.
Your spells are a little easier to cast, but a little less powerful.


Message History

The iron shot hits you!
An orc comes into view. It is wielding a mace.
Casting: Iron Shot
Confirm with . or Enter, or press ? or * to list all spells.
Aiming: Iron Shot
Press: ? - help, Shift-Dir - straight line, f/p - deep elf annihilator
Aim: a deep elf annihilator, wielding a short sword and wearing a ring mail (heavily wounded)
The iron shot misses the deep elf annihilator.
The orc shouts!
Casting: Iron Shot
Confirm with . or Enter, or press ? or * to list all spells.
Aiming: Iron Shot
Press: ? - help, Shift-Dir - straight line, f/p - deep elf annihilator
Aim: a deep elf annihilator, wielding a short sword and wearing a ring mail (heavily wounded)
The iron shot hits the deep elf annihilator.
The deep elf annihilator is almost dead.
The deep elf annihilator casts a spell at you.
The crystal spear hits you!
Ouch! That really hurt!
You die...

..... #.........#
......#.........# ##
......#.........# ...
......'.........#
...###########.........#
........)))...)........#
...........).)#######.....#
........))..## ##..).#
#######........)@## ##...#
......#...o..e..## ##..#
......#.........# '..#
......#.........## ##..#
...C..#..........## ##...#
<..o[.#...........## ##....#
.(.[((#[...........#######§§...#
...[Tp)..(.............§§B§§...#
#######).########+##########...#


You could see a deep elf annihilator and an orc.

Vanquished Creatures
  Arachne (Spider:4)
  A titan (Vaults:3)
  2 sphinxes
  A thorn hunter (Swamp:4)
  Frances (Swamp:1)
  Maud (D:10)
  7 vault wardens
  A deep elf sorcerer (Vaults:3)
  A frost giant (Vaults:3)
  A ghost moth (Spider:4)
  8 ironheart preservers
  A vampire knight (Vaults:2)
  3 stone giants
  A salamander stormcaller (Vaults:1)
  A deep elf annihilator (Vaults:3)
  2 deep elf demonologists
  A spark wasp (Spider:4)
  A fire dragon (shapeshifter) (Vaults:1)
  Josephine (Lair:4)
  An ettin (Vaults:3)
  2 vault guards (Vaults:3)
  2 deep elf death magi
  4 yaktaur captains
  3 entropy weavers (Spider:3)
  The ghost of feelmyfire the Cleaver, a journeyman MiFi of Okawaru (Lair:2)
  A fire dragon (Vaults:2)
  2 great orbs of eyes
  Erolcha (D:10)
  Harold (D:13)
  A ghost crab (Swamp:3)
  4 centaur warriors
  An ice dragon (D:15)
  13 hydras
  A catoblepas (Lair:8)
  A death knight (Vaults:2)
  9 ogre magi
  7 alligators
  Erica (D:13)
  2 tengu warriors
  A queen ant (Spider:3)
  11 death yaks
  3 deep elf knights
  A fire crab (Vaults:1)
  2 unseen horrors
  A flayed ghost (Vaults:2)
  A giant orange brain (Vaults:3)
  11 skeletal warriors
  A swamp dragon (shapeshifter) (Vaults:2)
  9 swamp dragons
  6 hill giants
  A deep troll (Vaults:1)
  5 deep elf archers
  11 orc knights
  4 wizards
  11 ironbrand convokers
  8 orc sorcerers
  11 hornets
  8 deep elf magi
  3 necromancers
  A manticore (D:15)
  A wolf spider zombie (D:15)
  3 griffons
  A lindwurm (Lair:5)
  10 ugly things
  A moth of wrath (Spider:3)
  5 cyclopes
  13 orb spiders
  33 wolf spiders
  8 elephants
  5 centaur zombies
  Joseph (D:10)
  2 torpor snails
  8 vault sentinels
  5 black mambas
  2 gargoyles
  19 spiny frogs
  4 rime drakes
  A kobold demonologist (D:14)
  4 freezing wraiths
  6 komodo dragons
  18 demonic crawlers
  2 redback zombies (D:15)
  2 komodo dragons (shapeshifter)
  21 yaktaurs
  A spriggan druid (Lair:8)
  11 polar bears
  4 trolls
  2 tengu conjurers (D:14)
  A polar bear (shapeshifter) (Vaults:1)
  A troll (shapeshifter) (Vaults:1)
  27 jumping spiders
  21 two-headed ogres
  3 giant leeches
  A queen bee (Lair:2)
  23 blink frogs
  A sphinx simulacrum (Vaults:1)
  A hornet zombie (D:15)
  6 boulder beetles
  23 slime creatures
  5 bog bodies
  54 redbacks
  A spriggan (shapeshifter) (Vaults:1)
  20 tarantellas
  6 wyverns
  26 spriggans
  3 shadows
  11 wraiths
  56 yaks
  A fire bat (Volcano)
  25 vampire mosquitoes
  2 basilisks
  A steam dragon (D:8)
  9 hippogriffs
  4 hungry ghosts
  A mottled dragon (D:11)
  8 wargs
  9 soldier ants
  13 swamp worms
  3 insubstantial wisps (Swamp:1)
  21 water moccasins
  15 porcupines
  24 orc warriors
  7 sky beasts
  6 swamp drakes
  6 ice beasts
  10 black bears
  A phantom (D:7)
  19 wasps
  3 necrophages
  3 eyes of draining
  47 ogres
  14 centaurs
  32 wolves
  17 crocodiles
  5 big kobolds
  27 giant frogs
  2 wyvern zombies
  3 gnoll sergeants
  4 scorpions
  52 killer bees
  18 wights
  3 howler monkeys
  4 electric eels
  3 lava snakes
  10 crimson imps
  A two-headed ogre zombie (Orc:1)
  14 orc priests
  8 hounds
  8 jellies
  10 centaur skeletons
  42 orc wizards
  2 giant frog skeletons
  8 iguanas
  31 worker ants
  10 sheep
  A hound zombie (D:6)
  Robin (D:4)
  10 adders
  10 gnolls
  A howler monkey skeleton (D:5)
  49 river rats
  8 shadow imps
  An adder zombie (D:6)
  An adder skeleton (D:7)
  5 worms
  A dart slug (D:4)
  4 giant geckos
  75 orcs
  7 giant cockroaches
  16 goblins
  10 hobgoblins
  6 quokkas
  3 ball pythons
  3 bats
  8 giant newts
  21 kobolds
  8 rats
  A crawling corpse (Vaults:3)
1503 creatures vanquished.

Vanquished Creatures (collateral kills)
  A griffon (Lair:8)
  An elephant (D:10)
  2 spiny frogs
  7 blink frogs
  A basilisk (Lair:4)
  4 yaks
  3 hippogriffs
  3 water moccasins
  2 black bears
  A necrophage (D:10)
  An ogre (D:8)
  2 giant frogs
  2 killer bees (Lair:2)
  An electric eel (Lair:6)
  A lava snake (Lair:4)
  12 river rats
44 creatures vanquished.

Vanquished Creatures (others)
  A yaktaur captain (Vaults:3)
  2 centaur warriors
  An alligator (Swamp:1)
  A yaktaur (Vaults:3)
  5 dancing weapons
  An ogre (D:6)
  A centaur (D:6)
  A howler monkey (D:6)
  A hound (D:6)
  An orc wizard (Orc:2)
  An adder (D:6)
  A river rat (Lair:8)
  A giant gecko (D:6)
  A giant cockroach (D:6)
  A giant newt (D:6)
  28 fungi
  13 plants
61 creatures vanquished.

Grand Total: 1608 creatures vanquished

Notes
Turn   | Place    | Note
--------------------------------------------------------------
     0 | D:1      | Ratboiler the Deep Elf Wanderer began the quest for the Orb.
     0 | D:1      | Ratboiler set off with: a +2 dagger, a potion of haste, a potion of curing, a potion of lignification, a +0 robe, a bread ration
     0 | D:1      | Reached XP level 1. HP: 14/14 MP: 3/3
    76 | D:1      | Reached skill level 1 in Spellcasting
   290 | D:1      | Reached XP level 2. HP: 19/19 MP: 4/6
  1115 | D:2      | Found a blossoming altar of Fedhas.
  1440 | D:2      | Found a radiant altar of Vehumet.
  1440 | D:2      | Found a burning altar of Makhleb.
  1443 | D:2      | Became a worshipper of Vehumet
  1471 | D:2      | Reached XP level 3. HP: 23/23 MP: 9/9
  1909 | D:3      | Gained mutation: You are partially covered in icy blue scales (AC +1). [potion of mutation]
  1909 | D:3      | Gained mutation: Your system is resistant to poisons. [potion of mutation]
  1909 | D:3      | Gained mutation: Your spells are a little easier to cast, but a little less powerful. [potion of mutation]
  2115 | D:3      | Reached XP level 4. HP: 10/28 MP: 10/10
  2353 | D:3      | Found a stormy altar of Qazlal.
  2426 | D:3      | Found a glowing drain.
  2454 | Sewer    | Entered a sewer
  2528 | Sewer    | Reached * piety under Vehumet
  2528 | Sewer    | Offered knowledge of Flame Tongue by Vehumet.
  2543 | Sewer    | Learned a level 1 spell: Flame Tongue
  2857 | Sewer    | Noticed a big kobold
  2870 | Sewer    | Killed a big kobold
  2870 | Sewer    | Reached skill level 1 in Conjurations
  2870 | Sewer    | Reached skill level 1 in Fire Magic
  2870 | Sewer    | Reached XP level 5. HP: 14/32 MP: 10/13
  3820 | D:4      | Found Catetuwo's Armour Shoppe.
  3846 | D:4      | Found an oddly glowing altar of Pakellas.
  3860 | D:4      | Reached XP level 6. HP: 34/37 MP: 12/15
  4153 | D:4      | Reached skill level 5 in Spellcasting
  4163 | D:4      | Found a staircase to the Ecumenical Temple.
  4438 | D:4      | Noticed Robin
  4473 | D:4      | Killed Robin
  4790 | D:4      | Got a crude bronze ring
  4792 | D:4      | Identified the ring of the Philosopher {rPois rF+ rN+ Int+3} (You found it on level 4 of the Dungeon)
  4847 | D:5      | Entered Level 5 of the Dungeon
  4887 | D:5      | Noticed a sky beast
  4939 | D:5      | Offered knowledge of Shock by Vehumet.
  4954 | D:5      | Reached ** piety under Vehumet
  5081 | D:5      | Learned a level 1 spell: Shock
  5288 | D:5      | Reached XP level 7. HP: 40/41 MP: 14/18
  5411 | D:4      | Bought a +0 pair of boots for 45 gold pieces
  5970 | D:6      | Reached skill level 5 in Conjurations
  6416 | D:6      | Reached skill level 5 in Dodging
  6929 | D:7      | Reached skill level 1 in Shields
  6929 | D:7      | Reached XP level 8. HP: 46/46 MP: 18/20
  7002 | D:7      | Found a glowing silver altar of Zin.
  7002 | D:7      | Found a glowing golden altar of the Shining One.
  7002 | D:7      | Found a white marble altar of Elyvilon.
  8219 | D:8      | Offered knowledge of Inner Flame by Vehumet.
  8278 | D:8      | Learned a level 3 spell: Inner Flame
  8340 | D:8      | Learned a level 1 spell: Apportation
  8342 | D:8      | Learned a level 1 spell: Summon Butterflies
  8346 | D:8      | Learned a level 3 spell: Tukima's Dance
  8346 | D:8      | Found a bloodstained altar of Trog.
  8366 | D:8      | Reached XP level 9. HP: 35/51 MP: 10/22
  9222 | D:9      | Reached *** piety under Vehumet
  9237 | D:9      | Found a snail-covered altar of Cheibriados.
  9421 | D:9      | Found a sacrificial altar of Ru.
  9461 | D:9      | Found a shadowy altar of Dithmenos.
  9704 | D:9      | Reached skill level 5 in Stealth
 10421 | D:6      | Found a shimmering altar of Xom.
 10442 | D:6      | Offered knowledge of Throw Icicle by Vehumet.
 10442 | D:6      | Reached XP level 10. HP: 56/56 MP: 14/25
 10448 | D:6      | Learned a level 4 spell: Throw Icicle
 10665 | D:6      | Found a deep blue altar of Sif Muna.
 11625 | D:9      | Reached **** piety under Vehumet
 12334 | D:9      | Offered knowledge of Ignite Poison by Vehumet.
 12339 | D:9      | Learned a level 3 spell: Ignite Poison
 12481 | D:10     | Entered Level 10 of the Dungeon
 12826 | D:10     | Learned a level 4 spell: Summon Ice Beast
 12842 | D:10     | Reached skill level 10 in Conjurations
 12941 | D:10     | Found a staircase to the Lair.
 12947 | D:10     | Noticed an elephant
 13163 | D:10     | Reached skill level 1 in Summonings
 13369 | D:10     | Reached skill level 1 in Ice Magic
 13867 | D:10     | Reached skill level 10 in Spellcasting
 14030 | D:10     | Noticed Erolcha
 14068 | D:10     | Reached skill level 10 in Dodging
 14154 | D:10     | Noticed Joseph
 14209 | D:10     | Killed an elephant
 14209 | D:10     | Reached XP level 11. HP: 60/60 MP: 11/27
 14292 | Lair:1   | Entered Level 1 of the Lair of Beasts
 14496 | Lair:1   | Reached ***** piety under Vehumet
 14496 | Lair:1   | Offered knowledge of Bolt of Magma by Vehumet.
 14505 | Lair:1   | Learned a level 5 spell: Bolt of Magma
 15818 | Lair:1   | Reached skill level 5 in Fire Magic
 15942 | Lair:2   | Reached skill level 5 in Fighting
 16498 | Lair:2   | Noticed feelmyfire's ghost (journeyman MiFi)
 16910 | Lair:3   | Found a runed door.
 17265 | Lair:2   | Reached XP level 12. HP: 62/71 MP: 10/28
 17359 | Lair:2   | Noticed a five-headed hydra
 18372 | Lair:4   | Found a dark tunnel.
 18385 | Volcano  | Entered a volcano
 18626 | Volcano  | Noticed a centaur warrior
 18631 | Volcano  | Found a burning altar of Makhleb.
 18677 | Volcano  | Found a bloodstained altar of Trog.
 20677 | Lair:4   | Noticed Josephine
 20961 | Lair:5   | Offered knowledge of Iskenderun's Battlesphere by Vehumet.
 21116 | Lair:5   | Learned a level 5 spell: Iskenderun's Battlesphere
 21351 | Lair:5   | Noticed a death yak
 21426 | Lair:6   | Found a staircase to the Swamp.
 22254 | Lair:6   | Noticed an eight-headed hydra
 22310 | Lair:8   | Entered Level 8 of the Lair of Beasts
 22447 | Lair:8   | Noticed a catoblepas
 22476 | Lair:8   | Killed a catoblepas
 22476 | Lair:8   | Reached XP level 13. HP: 80/80 MP: 12/29
 22925 | Lair:7   | Found a staircase to the Slime Pits.
 22925 | Lair:7   | Found a viscous altar of Jiyva.
 23817 | Lair:7   | Offered knowledge of Irradiate by Vehumet.
 24422 | Lair:8   | Reached skill level 10 in Stealth
 24678 | Lair:8   | Reached skill level 10 in Fighting
 25500 | Lair:7   | Offered knowledge of Orb of Destruction by Vehumet.
 26452 | Lair:7   | Reached XP level 14. HP: 87/88 MP: 11/33
 26493 | Lair:6   | Learned a level 7 spell: Orb of Destruction
 27706 | Lair:4   | Found a snail-covered altar of Cheibriados.
 27885 | Lair:2   | Killed feelmyfire's ghost
 28235 | Lair:2   | Reached skill level 1 in Earth Magic
 28951 | D:11     | Found a staircase to the Orcish Mines.
 30638 | D:13     | Learned a level 3 spell: Mephitic Cloud
 30649 | D:13     | Noticed Harold
 30760 | D:13     | Found a gate to the Vaults.
 30769 | D:13     | Reached skill level 15 in Spellcasting
 31041 | D:13     | Reached skill level 5 in Earth Magic
 31117 | D:13     | Noticed Erica
 31661 | D:13     | Killed Harold
 31755 | D:12     | Upgraded the game from 0.18-a0-1692-g516f9e9 to 0.18-a0-1702-gd20c6a5
 31755 | D:12     | Identified a scroll of acquirement
 31821 | D:13     | Killed Erica
 32324 | D:13     | Reached ****** piety under Vehumet
 32419 | Lair:1   | Learned a level 6 spell: Freezing Cloud
 32827 | Lair:4   | Reached skill level 1 in Air Magic
 32829 | Lair:4   | Reached skill level 5 in Ice Magic
 32837 | Lair:4   | Killed Josephine
 33583 | Lair:7   | Learned a level 6 spell: Iron Shot
 34163 | Swamp:1  | Entered Level 1 of the Swamp
 34304 | Swamp:1  | Offered knowledge of Poison Arrow by Vehumet.
 34304 | Swamp:1  | Reached XP level 15. HP: 92/92 MP: 28/37
 34667 | Swamp:1  | Noticed Frances
 34676 | Swamp:1  | Killed Frances
 35106 | Swamp:1  | Noticed Nikola
 36760 | Swamp:4  | Entered Level 4 of the Swamp
 37228 | Swamp:3  | Reached skill level 5 in Air Magic
 37817 | Swamp:4  | Noticed a thorn hunter
 37819 | Swamp:4  | Killed a thorn hunter
 38020 | Swamp:4  | Offered knowledge of Bolt of Cold by Vehumet.
 38815 | Swamp:4  | Got a decaying rune of Zot
 40075 | Lair:5   | Found a hole to the Spider Nest.
 40184 | Lair:5   | Reached XP level 16. HP: 70/97 MP: 38/38
 40342 | Spider:1 | Entered Level 1 of the Spider Nest
 41136 | Spider:1 | Reached skill level 10 in Ice Magic
 41436 | Spider:1 | Reached skill level 10 in Earth Magic
 42432 | Spider:3 | Offered knowledge of Ozocubu's Refrigeration by Vehumet.
 43543 | Spider:4 | Entered Level 4 of the Spider Nest
 43597 | Spider:4 | Noticed Arachne
 43608 | Spider:4 | Killed Arachne
 44479 | Spider:4 | Offered knowledge of Lehudib's Crystal Spear by Vehumet.
 44479 | Spider:4 | Offered knowledge of Glaciate by Vehumet.
 44479 | Spider:4 | Offered knowledge of Chain Lightning by Vehumet.
 45176 | Spider:4 | Reached XP level 17. HP: 102/102 MP: 38/41
 45371 | Spider:4 | Got a gossamer rune of Zot
 46447 | D:13     | Reached skill level 1 in Armour
 47749 | D:15     | Entered Level 15 of the Dungeon
 49260 | D:15     | Reached skill level 5 in Armour
 49502 | D:15     | Noticed a bone dragon
 49761 | Orc:1    | Entered Level 1 of the Orcish Mines
 50035 | Orc:2    | Entered Level 2 of the Orcish Mines
 50299 | Orc:2    | Found Veun's Gadget Emporium.
 50346 | Orc:2    | Found Dosmuz's Weapon Boutique.
 50590 | Orc:2    | Found a roughly hewn altar of Beogh.
 50644 | Orc:2    | Found Aptewao's Antique Weapon Emporium.
 50644 | Orc:2    | Found Ulepaem's Gadget Boutique.
 50667 | Orc:2    | Bought a pitted scimitar for 243 gold pieces
 50667 | Orc:2    | Identified the +5 scimitar "Hukasm" {slice, *Corrode rF+ MR++ Stlth+} (You bought it in a shop on level 2 of the Orcish Mines)
 51285 | Orc:1    | Found Jisi Kugh's Weapon Emporium.
 52628 | D:10     | Noticed Maud
 52634 | D:10     | Killed Maud
 52790 | D:10     | Killed Joseph
 53001 | D:10     | Killed Erolcha
 53188 | Vaults:1 | Entered Level 1 of the Vaults
 53776 | Vaults:1 | Got a jewelled broad axe
 53777 | Vaults:1 | Identified the +2 broad axe of Lies {elec, Dex+3} (You found it on level 1 of the Vaults)
 53914 | Vaults:1 | Reached XP level 18. HP: 64/107 MP: 42/43
 54457 | Vaults:1 | Reached skill level 15 in Conjurations
 54914 | Vaults:1 | Found Ovvy's Gadget Emporium.
 54931 | Vaults:1 | Found Bideklus's Distillery.
 54935 | Vaults:1 | Bought a potion of heal wounds for 70 gold pieces
 54935 | Vaults:1 | Bought a potion of haste for 140 gold pieces
 55253 | Vaults:1 | Found Zaevvug's Assorted Antiques.
 55256 | Vaults:1 | Bought a granite ring for 205 gold pieces
 55267 | Vaults:1 | Found Guttes's Antique Weapon Boutique.
 56333 | Vaults:2 | Found a staircase to the Crypt.
 57244 | Vaults:2 | Found Eguudiq's Assorted Antiques.
 57247 | Vaults:2 | Bought a small bronze ring for 185 gold pieces
 57256 | Vaults:2 | Bought a scroll of acquirement for 1924 gold pieces
 57257 | Vaults:2 | Got a warped cloak
 57271 | Vaults:2 | Identified the +2 cloak of the Harp {+Blink rF+ rC-} (You acquired it on level 2 of the Vaults)
 58860 | Vaults:4 | Found Sungicur's General Store.
 59465 | Vaults:3 | Reached XP level 19. HP: 112/112 MP: 44/44
 59792 | Vaults:3 | HP: 2/112 [frost giant/bolt of cold (28)]
 60654 | Vaults:3 | Killed from afar by a deep elf annihilator

Vault maps used:
D:1:      dpeg_arrival_refuge
D:2:      gammafunk_temple_overflow_elements, nicolae_overflow_crystal_walls
D:3:      gup_sewer_entry_glass, nicolae_qazlal_general_emergency
D:4:      grunt_pakellas_basics, minmay_temple_entry_enclosed_plants,
          serial_shops, nicolae_shop_competitors_out_of_business, uniq_robin
D:5:      first_bread
D:6:      led_sif_pool, xom_confusion_cloud, nicolae_overflow_hidden_temple
D:7:      good_gods_mini_temple, the_bakery
D:8:      lemuel_doored_altar, minmay_misc_feat_rows
D:9:      kennysheep_mini, lemuel_coloured_pillars_altar, basic_altar
D:10:     david_lair_generic, billiards_dpeg, uniq_joseph, uniq_erolcha,
          uniq_maud
D:11:     orc_0_dummy, minivault_20
D:13:     david_vaults_1, sword_in_stone
D:14:     minmay_liquid_box, eino_jars
D:15:     grunt_enter_depths_hoard, hangedman_abyss_or_decor_stagger,
          minmay_guarded_unrand_zonguldrok
Lair:1:   nicolae_quartered_pool_little
Lair:2:   special_room
Lair:3:   pf_torpor_hydra, bh_autumn_forest_stairs, serial_bayou_shore_b,
          grunt_megastairs_4
Lair:4:   nicolae_volcano_entry_vermiform, basic_altar, patterned_corridor,
          uniq_josephine
Lair:5:   spider_nest_entry_funnel_web, serial_bayou_shore_a
Lair:6:   minmay_swamp_entry_eels, hibernation_bobbens
Lair:7:   slime_altar_1, grunt_megastairs_3
Lair:8:   minmay_lair_end_enchanted_forest, grunt_megastairs_2,
          infiniplex_staircase_pool, serial_bayou_shore_b
Swamp:1:  hangedman_swamp_lotus, uniq_frances, uniq_nikola
Swamp:2:  evilmike_swamp_ruin_house_6
Swamp:3:  infiniplex_staircase_pool_2
Swamp:4:  swamp_alternative
Spider:3: minmay_another_anthill
Spider:4: guppyfry_spider_rune, uniq_arachne
Orc:1:    lemuel_ogre_cave, serial_shops, nicolae_shop_statue_plus, uniq_harold
Orc:2:    st_orc_town, mines5_lemuel
Vaults:1: hangedman_vaults_stagger, st_octagons_2, hangedman_vaults_capsules,
          hangedman_vaults_trim, ontoclasm_vaults_twist, ontoclasm_vaults_eye,
          nicolae_vaults_angled_halls, vaults_dpeg_cross,
          ontoclasm_vaults_idyll, nicolae_vaults_alarming,
          vaults_room_grunt_arrival_ludios, vaults_room_hallway,
          vaults_room_ringed_pool, serial_shops, nicolae_shop_behind_doors,
          shop, nicolae_shop_crystal, shop
Vaults:2: grunt_vaults_hallway_long, hangedman_vaults_stretched_pinwheel,
          minmay_crypt_entry_simple_sparse, nicolae_vaults_shelves_hall,
          grunt_vaults_diagonal, hangedman_vaults_cutoff,
          nicolae_vaults_mini_display_case, ontoclasm_vaults_fault, v_pattern_4,
          nicolae_vaults_little_squares_4, v_misc_18, vaults_standard_mumra_x,
          dpeg_vaults_monster_box, nicolae_vaults_gold_heap, serial_shops,
          nicolae_shop_behind_doors
Vaults:3: st_hourglassy, ontoclasm_vaults_tryst, v_alt_pattern_6, v_misc_27,
          nicolae_vaults_hallways_thing, vaults_mumra_hex,
          vaults_dpeg_encased_lava
Vaults:4: nicolae_vaults_little_ls, nicolae_vaults_asterisk,
          nicolae_vaults_big_angled_halls, v_misc_4, hangedman_vaults_stream,
          nicolae_vaults_diagonal_hallway_6, hangedman_vaults_corner_blocks,
          hangedman_vaults_corner_blocks, nicolae_vaults_diagonal_hallway_9,
          nicolae_vaults_statue_guard, vaults_room_hallway,
          nicolae_vaults_border_crossing, serial_shops, shop, uniq_frederick
Sewer:    sewer_co_15_rooms
Volcano:  volcano_grotto

Skill      XL: |  1  2  3  4  5  6  7  8  9 10 11 12 13 14 15 16 17 18 19 |
---------------+----------------------------------------------------------+-----
Spellcasting   | 1 2 3 4 6 7 9 10 13 16 18 19 | 19.1
Dodging        | 3 4 5 6 8 10 13 | 13.6
Conjurations   | 1 2 3 5 7 9 10 11 13 14 18 19 | 19.9
Fire Magic     | 1 2 7 9 |  9.1
Shields        | 1 4 |  4.0
Stealth        | 6 8 9 10 | 10.1
Summonings     | 3 4 |  4.1
Ice Magic      | 2 3 5 9 10 | 10.0
Fighting       | 6 9 10 | 10.0
Earth Magic    | 6 8 10 | 10.0
Air Magic      | 2 6 7 |  7.2
Armour         | 8 |  8.1

Action                   |  1- 3 |  4- 6 |  7- 9 | 10-12 | 13-15 | 16-18 | 19-21 || total
-------------------------+-------+-------+-------+-------+-------+-------+-------++-------
Melee: Dagger            |   114 |   185 |    98 |   543 |   246 |       |       ||  1186
       Staff             |       |       |       |       |     2 |    28 |       ||    30
 Fire: Blowgun           |       |    23 |     6 |       |       |       |       ||    29
 Cast: Flame Tongue      |       |     4 |   120 |   164 |   417 |   253 |       ||   958
       Shock             |       |     2 |   139 |    29 |       |       |       ||   170
       Tukima's Dance    |       |       |    15 |    16 |       |       |       ||    31
       Summon Butterflie |       |       |     3 |     1 |       |       |       ||     4
       Throw Icicle      |       |       |       |   100 |       |       |       ||   100
       Inner Flame       |       |       |       |    15 |    17 |       |       ||    32
       Summon Ice Beast  |       |       |       |    84 |    44 |       |       ||   128
       Bolt of Magma     |       |       |       |   122 |   194 |   195 |    12 ||   523
       Iskenderun's Batt |       |       |       |    14 |   153 |    84 |       ||   251
       Orb of Destructio |       |       |       |       |    40 |    20 |    18 ||    78
       Iron Shot         |       |       |       |       |   136 |   446 |    36 ||   618
       Mephitic Cloud    |       |       |       |       |     2 |       |       ||     2
       Freezing Cloud    |       |       |       |       |     3 |   142 |    14 ||   159
       Ignite Poison     |       |       |       |       |     1 |     2 |       ||     3
Evoke: Wand              |       |       |       |     2 |       |       |     1 ||     3
  Use: Potion            |     2 |     1 |       |     1 |     1 |     2 |     5 ||    12
       Scroll            |     3 |     5 |     6 |    11 |    19 |    14 |     2 ||    60
 Stab: Sleeping          |     7 |     6 |     4 |    13 |     6 |     3 |       ||    39
       Distracted        |     1 |       |       |     1 |     2 |       |       ||     4
  Eat: Chunk             |     3 |     4 |     6 |    17 |    11 |    40 |     1 ||    82
       Fruit             |     1 |     1 |     1 |     6 |       |     4 |       ||    13
       Bread ration      |       |     1 |     2 |     6 |     3 |     4 |       ||    16
       Pizza             |       |     1 |       |     1 |     1 |     1 |       ||     4
       Beef jerky        |       |       |     1 |       |     3 |     2 |       ||     6
       Meat ration       |       |       |       |     3 |    15 |     3 |     1 ||    22
       Royal jelly       |       |       |       |       |       |     3 |     1 ||     4
